 Dungeon Crawl Stone Soup version 0.31-a0-1-g4198be8af4 (webtiles) character file.

Game seed: 7147237900887929941

25333 Sobieck the Frost Mage (level 12, -2/100 HPs)
             Began as a White Draconian Venom Mage on May 2, 2023.
             Was an Elder of Vehumet.
             Slain by an anaconda skeleton (6 damage)
             ... in a volcano.
             The game lasted 00:52:04 (16256 turns).

Sobieck the Frost Mage (DrVM)                      Turns: 16256, Time: 00:52:04

Health: -2/100     AC: 18    Str: 12    XL:     12   Next: 88%
Magic:  30/32      EV: 10    Int: 31    God:    Vehumet [****..]
Gold:   1507       SH:  0    Dex: 11    Spells: 9/29 levels left

rFire   . . .        T - +6 long sword of the Wary Knives {chaos, rPois, long}
rCold   + . .        (no shield)
rNeg    . . .        (body armour unavailable)
rPois   +            W - +3 hat of Pondering {ponderous, Will+ MP+10 Int+5}
rElec   .            (no cloak)
rCorr   .            (no gloves)
SInv    .            t - +2 pair of boots {Stlth+}
Will    +....        V - amulet of regeneration {@e2}
Stlth   +++          q - +4 ring of protection
HPRegen 1.16/turn    N - +6 ring of intelligence
MPRegen 0.23/turn

%: no passive effects
@: brilliant, constricted, slow
A: breathe frost, AC +8, unfitting armour, cold resistance 1, cold-blooded, low
MP 1, subdued magic 1
a: Breathe Frost, Renounce Religion


You were in a volcano.
You worshipped Vehumet.
Vehumet was greatly pleased with you.
You visited 4 branches of the dungeon, and saw 14 of its levels.
You also visited: Sewer, Bailey and Volcano.

You collected 2069 gold pieces.
You spent 562 gold pieces at shops.


Innate Abilities, Weirdness & Mutations

You can breathe waves of freezing cold which knock back foes.
Your icy white scales are hard. (AC +8)
You cannot fit into any form of body armour.
Your flesh is cold resistant. (rC+)
You are cold-blooded and may be slowed by cold attacks.
Your magical capacity is low. (-10% MP)
Your spells are a little easier to cast, but a little less powerful.


   Skills:
 - Level 7.0 Fighting
 - Level 5.0 Dodging
 - Level 1.7 Stealth
 + Level 9.4 Spellcasting
 - Level 7.0 Conjurations
 - Level 1.0 Transmutations
 * Level 14.6 Ice Magic
 - Level 7.0 Air Magic
 - Level 9.0 Poison Magic


You had 9 spell levels left.
You knew the following spells:

 Your Spells              Type           Power      Damage    Failure   Level
a - Sting                 Tmut/Pois      100%       1d8       1%          1
c - Olgreb's Toxic Radia  Pois           69%        N/A       1%          4
d - Freezing Cloud        Conj/Ice/Air   35%        6-21      1%          5
f - Ozocubu's Armour      Ice            88%        N/A       0%          3
g - Ozocubu's Refrigerat  Ice            44%        4d17      1%          7

Your spell library contained the following spells:

 Spells                   Type           Power      Damage    Failure   Level
 Sticky Flame             Conj/Fire      41%        2d6       1%          4
 Momentum Strike          Conj/Tloc      82%        3d10      1%          2
 Poisonous Vapours        Pois/Air       100%       N/A       1%          2
 Scorch                   Fire           32%        2d6       1%          2
 Mephitic Cloud           Conj/Pois/Air  64%        N/A       1%          3
 Flame Wave               Conj/Fire      41%        2d11      1%          4
 Apportation              Tloc           32%        N/A       2%          1
 Blink                    Tloc           32%        N/A       4%          2
 Lesser Beckoning         Tloc           32%        N/A       4%          2
 Tukima's Dance           Hex            16%        N/A       9%          3
 Alistair's Intoxication  Tmut/Pois      34%        N/A       10%         5
 Yara's Violent Unravell  Hex/Tmut       10%        3d6       17%         5
 Passage of Golubria      Tloc           16%        N/A       30%         4
 Summon Cactus Giant      Summ           8%         N/A       99%         6

Inventory:

Hand Weapons
 c - a +0 broad axe {axe}
   (You took it off an orc warrior in a bailey)
 f - a +0 club {mace}
   (You took it off a gnoll on level 1 of the Dungeon)
 h - a +0 club {mace}
   (You took it off a kobold on level 1 of the Dungeon)
 i - a +0 dagger {short}
   (You took it off a goblin on level 1 of the Dungeon)
 l - a +0 hand axe {axe}
   (You found it on level 1 of the Dungeon)
 o - a +0 dagger {short}
   (You took it off a goblin on level 1 of the Dungeon)
 p - a +0 club {mace}
   (You took it off a goblin on level 1 of the Dungeon)
 x - a +3 dagger of draining {short}
   (You took it off a kobold on level 2 of the Dungeon)
 S - a +0 eveningstar {macerare=g}
   (You took it off Donald on level 2 of the Orcish Mines)
 T - the +6 long sword of the Wary Knives (weapon) {chaos, rPois, long}
   (You bought it in a shop on level 2 of the Orcish Mines)

   rPois:     It protects you from poison.
 Z - the +1 trident "Plog" {freeze, Str+3, polearm}
   (You found it on level 9 of the Dungeon)

   Str:       It affects your strength (+3).
Missiles
 e - 2 boomerangs of dispersal {=f!fthrowing}
 k - 4 datura-tipped darts {throwing}
 y - 10 atropa-tipped darts {throwing}
 B - 38 boomerangs {throwing}
 F - 42 poisoned darts {throwing}
 R - 6 curare-tipped darts {=fthrowing}
 Y - a throwing net {=f!fthrowing}
Armour
 t - a +2 pair of boots of stealth (worn)
   (You found it in a bailey)
 K - a scarf of harm
   (You found it on level 5 of the Dungeon)
 W - the +3 hat of Pondering (worn) {ponderous, Will+ MP+10 Int+5}
   (You took it off Gastronok on level 8 of the Dungeon)

   Int:       It affects your intelligence (+5).
   MP:        It affects your magic capacity (+10).
   Will:      It increases your willpower.
Magical Staves
 P - a staff of earth {!astaff}
   (You found it on level 6 of the Dungeon)
Jewellery
 q - a +4 ring of protection (left hand)
   (You found it on level 1 of the Dungeon)
 C - a ring of poison resistance
   (You found it on level 2 of the Dungeon)
 N - a +6 ring of intelligence (right hand)
   (You found it on level 6 of the Dungeon)
 V - an amulet of regeneration (around neck) {@e2}
   (You found it on level 8 of the Dungeon)
Wands
 D - a wand of roots (15)
   (You found it on level 3 of the Dungeon)
 J - a wand of flame (25)
   (You found it on level 4 of the Dungeon)
 O - a wand of charming (17)
   (You found it on level 6 of the Dungeon)
Scrolls
 d - 11 scrolls of teleportation {@r4}
 n - 5 scrolls of enchant armour
 u - a scroll of torment {!r}
 v - 2 scrolls of enchant weapon
 z - 2 scrolls of blinking {!r}
 A - 4 scrolls of immolation {!r!r}
 E - 3 scrolls of vulnerability {!r!r}
 Q - 2 scrolls of fear
Potions
 a - 3 potions of magic
 b - 7 potions of curing {@q1}
 g - 4 potions of might
 j - a potion of berserk rage {!q}
 m - 2 potions of cancellation
 r - 4 potions of attraction {!q}
 s - 2 potions of ambrosia
 w - a potion of degeneration {unknown}
 G - a potion of mutation {!q}
 H - 2 potions of heal wounds {unknown}
 I - 2 potions of haste {unknown}
 L - a potion of brilliance
 M - 2 potions of invisibility {unknown}
 X - a potion of flight {unknown}

Dungeon Overview and Level Annotations

Branches:
Dungeon (10/15) Zot: 25290  Temple (1/1) D:6 Zot: 5958    Lair (1/5) D:10 Zot: 5721
    Orc (2/2) D:9 Zot: 9324     Elf (0/3) Orc:2         Sewer (visited)
 Bailey (visited)         Volcano (1/1) Zot: 5853

Altars:
Ashenzari
Cheibriados
Elyvilon
Fedhas
Gozag
Hepliaklqana
Kikubaaqudgha
Makhleb
Nemelex Xobeh
Qazlal
Ru
Sif Muna
Trog
Uskayaw
Vehumet
Wu Jian
Xom
Yredelemnul
Zin
The Shining One

Shops:
Orc:2 (:*[

Annotations:
D:3 Grinder
D:8 2 runed translucent doors

##.##.## ##≈≈≈≈≈°°
###......# ###°≈≈≈≈≈≈≈
......... ##.#..≈≈≈≈≈≈
#.#..#.###.≈.....≈≈≈≈
#......'.......≈≈≈≈≈§
####.#..#.###.≈...≈.≈≈≈≈
.......Z....##.#.....≈≈°
###.ZZ9.)########.....°
###Z@.## ###...° #.Z.#
##..° ##### ###° ##


You could see a gargoyle, 2 anaconda skeletons, a spriggan skeleton (petrified)
and 2 naga skeletons.


Message History

The naga skeleton grabs you.
You stop descending the stairs.
The naga skeleton constricts you.
The anaconda skeleton bites you but does no damage.
The anaconda skeleton barely misses you.
Unknown command.
You escape the naga skeleton's grasp.
The anaconda skeleton closely misses you.
The anaconda skeleton misses you. The anaconda skeleton grabs you.
You stop descending the stairs.
The anaconda skeleton bites you but does no damage.
The anaconda skeleton constricts you.
The spriggan skeleton closely misses you.
The anaconda skeleton bites you!
You hit the spriggan skeleton.
The spriggan skeleton is moving more slowly.
The anaconda skeleton bites you! The anaconda skeleton constricts you.
The anaconda skeleton closely misses you.
The anaconda skeleton bites you but does no damage.
The anaconda skeleton constricts you.
* * * LOW HITPOINT WARNING * * *
The naga skeleton hits you but does no damage.
The spriggan skeleton misses you.
The anaconda skeleton bites you but does no damage. x2
The anaconda skeleton constricts you. The naga skeleton hits you.
* * * LOW HITPOINT WARNING * * *
Unknown command.
You slash the anaconda skeleton!
The anaconda skeleton appears confused.
The anaconda skeleton bites you but does no damage.
The anaconda skeleton loses its grip on you.
The spriggan skeleton hits you but does no damage.
The anaconda skeleton grabs you.
The anaconda skeleton bites you but does no damage.
The anaconda skeleton constricts you.
* * * LOW HITPOINT WARNING * * *
The naga skeleton hits you but does no damage.
The anaconda skeleton's grasp on you weakens, but your attempt to escape fails.
The anaconda skeleton barely misses you.
The anaconda skeleton constricts you.
* * * LOW HITPOINT WARNING * * *
The anaconda skeleton bites you but does no damage.
The anaconda skeleton constricts you.
* * * LOW HITPOINT WARNING * * *
The naga skeleton hits you but does no damage.
Unknown command.
Unknown command.
Unknown command.
You escape the anaconda skeleton's grasp.
The spriggan skeleton stops moving altogether!
The anaconda skeleton grabs you.
You stop descending the stairs.
The anaconda skeleton completely misses you.
The anaconda skeleton constricts you.
You slash the anaconda skeleton! You burn the anaconda skeleton!
The anaconda skeleton bites you.
* * * LOW HITPOINT WARNING * * *
The anaconda skeleton constricts you.
The gargoyle hurls a stone arrow at you.
The stone arrow hits you!
* * * LOW HITPOINT WARNING * * *
The naga skeleton hits you!
* * * LOW HITPOINT WARNING * * *
The anaconda skeleton bites you but does no damage.
The anaconda skeleton barely misses you.
The anaconda skeleton constricts you.
* * * LOW HITPOINT WARNING * * *
The gargoyle hurls a stone arrow at you.
The stone arrow misses you.
The stone arrow hits the anaconda skeleton!!
The naga skeleton hits you but does no damage.
Unknown command.
Unknown command.
You escape the anaconda skeleton's grasp.
The anaconda skeleton seems less confused.
The anaconda skeleton grabs you.
You stop descending the stairs.
The anaconda skeleton closely misses you.
The anaconda skeleton constricts you.
* * * LOW HITPOINT WARNING * * *
The anaconda skeleton bites you but does no damage.
The gargoyle hits you with a +0 flail.
* * * LOW HITPOINT WARNING * * *
The anaconda skeleton bites you but does no damage.
The anaconda skeleton constricts you.
* * * LOW HITPOINT WARNING * * *
It was a potion of mutation.
You feel extremely strange.
You feel less energetic.
Your connection to magic feels subdued.
The anaconda skeleton bites you but does no damage. x2
The anaconda skeleton constricts you. The naga skeleton closely misses you.
The anaconda skeleton bites you but does no damage.
The gargoyle hits you with a +0 flail.
* * * LOW HITPOINT WARNING * * *
You feel clever all of a sudden.
The air gets thick with the scent of sulphur.
The anaconda skeleton bites you but does no damage.
The anaconda skeleton constricts you.
The anaconda skeleton barely misses you.
The anaconda skeleton bites you.
You die...

Skill      XL: |  1  2  3  4  5  6  7  8  9 10 11 12 |
---------------+-------------------------------------+-----
Poison Magic   | 4 5 6 8 9 |  9.0
Fighting       | 2 6 7 |  7.0
Dodging        | 3 5 |  5.0
Spellcasting   | 4 8 9 |  9.4
Ice Magic      | 7 9 12 14 | 14.6
Conjurations   | 1 5 7 |  7.0
Air Magic      | 1 5 6 7 |  7.0
Stealth        | |  1.7
Transmutations | |  1.0

Action                     |  1- 3 |  4- 6 |  7- 9 | 10-12 || total
---------------------------+-------+-------+-------+-------++-------
  Melee: Dagger            |     4 |    85 |   213 |   183 ||   485
         Tailslap          |       |     8 |    25 |    29 ||    62
         Punch             |       |       |     6 |     5 ||    11
         Long sword        |       |       |       |     9 ||     9
   Cast: Sting             |    88 |    21 |       |       ||   109
         Poisonous Vapours |       |    17 |     1 |       ||    18
         Olgreb's Toxic Ra |       |    13 |    40 |   124 ||   177
         Mephitic Cloud    |       |       |     2 |     2 ||     4
         Freezing Cloud    |       |       |       |    54 ||    54
         Ozocubu's Refrige |       |       |       |    22 ||    22
Ability: Breathe Frost     |       |       |    15 |    28 ||    43
    Use: Scroll            |       |     8 |     4 |     6 ||    18
         Potion            |       |       |       |     7 ||     7
   Stab: Sleeping          |       |     2 |       |       ||     2
 Armour: Skin              |    15 |    29 |    74 |    98 ||   216
  Dodge: Dodged            |    27 |    68 |   137 |   113 ||   345

Levels and vault maps discovered:
D:1:      amcnicky_arrival_single_pillar, layout_loops_ring, serial_forest,
          infiniplex_forest_straight_2, infiniplex_forest_lined_4_way,
          infiniplex_forest_lined_2, infiniplex_forest_3_way,
          infiniplex_forest_straight_2, infiniplex_forest_clump_large,
          infiniplex_forest_clump_small, infiniplex_forest_straight_2,
          infiniplex_forest_clump_medium, infiniplex_forest_clump_small
D:2:      layout_loops_ring, hellmonk_ecumenical_altar_blasted
D:3:      layout_basic, grunt_temple_overflow_forces_of_nature, uniq_grinder
D:4:      layout_loops_cross, old_standard_altar, portal_sewer_entry_b,
          kennysheep_another_room
D:5:      layout_cave_pools
D:6:      layout_rooms, gammafunk_temple_overflow_forgotten,
          minmay_temple_entry_glassed_door, lightli_corner_chamber
D:7:      layout_basic, trog_three_pillars_becter, kennysheep_generic_room_15,
          uniq_menkaure, uniq_joseph
D:8:      lemuel_insect_pit, layout_basic, eat_drink_and_be_merry_uskayaw,
          corexii_corridor_pit, water_maze_lemuel, uniq_gastronok, uniq_maggie
D:9:      layout_long_grid, nicolae_overflow_hidden_temple, erik_orc_2
D:10:     layout_irregular_city, elyvilon_altar_3, erik_lair_dragon,
          enter_bailey_3, minmay_misc_feat_alley
Temple:   hellmonk_temple_rainy
Lair:1:   layout_gridlike, lightli_volcano_entry_magma_tube
Orc:1:    layout_diamond_mine
Orc:2:    grunt_orc_gardens, layout_diamond_mine, grunt_orc_garden,
          grunt_orc_garden, grunt_orc_garden, grunt_orc_garden, uniq_donald
Volcano:  volcano_tomb [vts_chambers]

Notes
Turn   | Place    | Note
-------+----------+-------------------------------------------
     0 | D:1      | Sobieck the Draconian Venom Mage began the quest for the
                  | Orb.
     0 | D:1      | Reached XP level 1. HP: 14/14 MP: 3/3
    95 | D:1      | Reached XP level 2. HP: 8/20 MP: 0/5
   409 | D:1      | Reached skill level 4 in Poison Magic
   582 | D:1      | Learned a level 2 spell: Poisonous Vapours
  1029 | D:1      | Reached XP level 3. HP: 26/26 MP: 3/6
  2101 | D:2      | Found a faded altar of an unknown god.
  2371 | D:3      | Reached XP level 4. HP: 29/33 MP: 0/7
  2376 | D:3      | Learned a level 4 spell: Olgreb's Toxic Radiance
  2450 | D:3      | Noticed Grinder
  2502 | D:3      | Reached skill level 5 in Poison Magic
  2625 | D:3      | Found a stormy altar of Qazlal.
  2626 | D:3      | Found a blossoming altar of Fedhas.
  2990 | D:3      | You pick up a book of Spatial Translocations and begin
                  | reading...
  2990 | D:3      | You add the spells Blink, Momentum Strike and Lesser
                  | Beckoning to your library.
  2998 | D:3      | You pick up a book of Scorching and begin reading...
  2998 | D:3      | You add the spells Scorch, Flame Wave and Summon Cactus
                  | Giant to your library.
  3687 | D:4      | Reached XP level 5. HP: 36/38 MP: 3/8
  3701 | D:4      | Reached skill level 6 in Poison Magic
  3754 | D:4      | Found an ancient bone altar of Kikubaaqudgha.
  3914 | D:4      | Reached XP level 6. HP: 42/45 MP: 6/9
  4012 | D:4      | Found a glowing drain.
  4037 | Sewer    | Entered a sewer
  4117 | Sewer    | Reached skill level 7 in Poison Magic
  4630 | Sewer    | You pick up a book of Party Tricks and begin reading...
  4630 | Sewer    | You add the spells Apportation and Alistair's Intoxication
                  | to your library.
  4635 | Sewer    | You pick up a book of Vapours and begin reading...
  4792 | D:4      | Reached skill level 8 in Poison Magic
  4792 | D:4      | Your scales start taking on an icy white colour.
  4792 | D:4      | Reached XP level 7. HP: 49/50 MP: 10/10
  4792 | D:4      | Gained mutation: Your flesh is cold resistant. (rC+) [White
                  | Draconian growth]
  5214 | D:5      | Entered Level 5 of the Dungeon
  5540 | D:5      | Reached skill level 9 in Poison Magic
  5541 | D:5      | Reached skill level 2 in Fighting
  5541 | D:5      | Reached skill level 2 in Dodging
  5713 | D:5      | Reached skill level 3 in Dodging
  5810 | D:5      | Reached XP level 8. HP: 58/61 MP: 6/12
  5968 | D:6      | Reached skill level 3 in Spellcasting
  6080 | D:6      | Learned a level 5 spell: Freezing Cloud
  6154 | D:6      | You add the spells Tukima's Dance, Passage of Golubria and
                  | Yara's Violent Unravelling to your library.
  6196 | D:6      | Reached skill level 4 in Spellcasting
  6196 | D:6      | Reached skill level 2 in Ice Magic
  6243 | D:6      | Reached skill level 3 in Ice Magic
  6272 | D:6      | Found an opulent altar of Gozag.
  6273 | D:6      | Found a broken altar of Ashenzari.
  6275 | D:6      | Found a glowing golden altar of the Shining One.
  6333 | D:6      | Found a staircase to the Ecumenical Temple.
  6341 | Temple   | Entered the Ecumenical Temple
  6389 | D:6      | Reached skill level 4 in Ice Magic
  6821 | D:7      | Reached skill level 5 in Ice Magic
  6889 | D:7      | Noticed Menkaure
  6903 | D:7      | Killed Menkaure
  6904 | D:7      | Reached skill level 6 in Ice Magic
  7104 | D:7      | Found a bloodstained altar of Trog.
  7127 | D:7      | Reached skill level 7 in Ice Magic
  7242 | D:7      | Reached skill level 1 in Conjurations
  7242 | D:7      | Reached skill level 1 in Air Magic
  7242 | D:7      | Reached XP level 9. HP: 48/67 MP: 13/15
  7443 | D:7      | Reached skill level 2 in Conjurations
  7443 | D:7      | Reached skill level 2 in Air Magic
  7447 | D:7      | Learned a level 3 spell: Mephitic Cloud
  7603 | D:7      | Noticed Joseph
  7624 | D:7      | Killed Joseph
  7625 | D:7      | Reached skill level 3 in Conjurations
  7625 | D:7      | Reached skill level 3 in Air Magic
  8167 | D:8      | Reached skill level 4 in Conjurations
  8167 | D:8      | Reached skill level 4 in Air Magic
  8387 | D:8      | Found a runed translucent door.
  8410 | D:8      | Found a runed translucent door.
  8434 | D:8      | Reached skill level 5 in Conjurations
  8434 | D:8      | Reached skill level 5 in Air Magic
  8439 | D:8      | Reached skill level 8 in Ice Magic
  8512 | D:8      | Reached skill level 9 in Ice Magic
  8512 | D:8      | Reached XP level 10. HP: 53/73 MP: 11/16
  8582 | D:8      | Found a hide-covered altar of Uskayaw.
  8912 | D:8      | Gastronok the Ponderous comes into view. He is wearing the
                  | +3 hat of Pondering {ponderous, Will+ MP+10 Int+5}.
  8912 | D:8      | Noticed Gastronok
  8917 | D:8      | Noticed Maggie
  8937 | D:8      | Killed Maggie
  8938 | D:8      | Reached skill level 10 in Ice Magic
  8938 | D:8      | Aim: Gastronok, wearing the +3 hat of Pondering {ponderous,
                  | Will+ MP+10 Int+5} (moderately wounded, extremely poisoned,
                  | chance to affect: 5%)
  8938 | D:8      | Aim: Gastronok, wearing the +3 hat of Pondering {ponderous,
                  | Will+ MP+10 Int+5} (moderately wounded, extremely poisoned,
                  | chance to affect: 5%)
  8939 | D:8      | Aim: Gastronok, wearing the +3 hat of Pondering {ponderous,
                  | Will+ MP+10 Int+5} (moderately wounded, extremely poisoned,
                  | chance to affect: 5%)
  8939 | D:8      | Aim: Gastronok, wearing the +3 hat of Pondering {ponderous,
                  | Will+ MP+10 Int+5} (moderately wounded, extremely poisoned,
                  | chance to affect: 5%)
  8942 | D:8      | Aim: Gastronok, wearing the +3 hat of Pondering {ponderous,
                  | Will+ MP+10 Int+5} (moderately wounded, extremely poisoned,
                  | 100% to hit)
  8942 | D:8      | Aim: Gastronok, wearing the +3 hat of Pondering {ponderous,
                  | Will+ MP+10 Int+5} (moderately wounded, extremely poisoned,
                  | 100% to hit)
  8960 | D:8      | Aim: Gastronok, wearing the +3 hat of Pondering {ponderous,
                  | Will+ MP+10 Int+5} (almost dead, very poisoned, lightly
                  | drained, 100% to hit)
  8960 | D:8      | Aim: Gastronok, wearing the +3 hat of Pondering {ponderous,
                  | Will+ MP+10 Int+5} (almost dead, very poisoned, lightly
                  | drained, 100% to hit)
  8960 | D:8      | Killed Gastronok
  8961 | D:8      | Reached skill level 11 in Ice Magic
  9263 | D:8      | Reached skill level 12 in Ice Magic
  9813 | D:8      | Reached skill level 6 in Conjurations
  9942 | Temple   | Became a worshipper of Vehumet
 10388 | D:9      | Reached skill level 7 in Conjurations
 10476 | D:9      | Reached skill level 6 in Air Magic
 10569 | D:9      | Reached XP level 11. HP: 60/79 MP: 17/17
 10622 | D:9      | Found a hazy altar of Hepliaklqana.
 10632 | D:9      | Identified the +1 trident "Plog" {freeze, Str+3}
 10663 | D:9      | Found a shimmering blue altar of Sif Muna.
 10808 | D:9      | Reached * piety under Vehumet
 10808 | D:9      | Offered knowledge of Shock by Vehumet.
 10913 | D:9      | Found a staircase to the Orcish Mines.
 11063 | D:10     | Entered Level 10 of the Dungeon
 11080 | D:10     | Found a white marble altar of Elyvilon.
 11131 | D:10     | Reached skill level 7 in Air Magic
 11251 | D:10     | HP: 14/118 [something (25)]
 11418 | D:10     | Reached skill level 5 in Spellcasting
 11584 | D:10     | Found a staircase to the Lair.
 11724 | D:10     | Found a flagged portal.
 11734 | Bailey   | Entered a bailey
 11986 | Bailey   | Reached skill level 6 in Spellcasting
 12081 | Bailey   | Reached ** piety under Vehumet
 12081 | Bailey   | Offered knowledge of Static Discharge by Vehumet.
 12301 | Bailey   | Found a bloodstained altar of Trog.
 12485 | D:10     | Reached skill level 7 in Spellcasting
 12842 | D:10     | Noticed a purple ugly thing
 12849 | D:10     | Killed a purple ugly thing
 12850 | D:10     | Reached skill level 8 in Spellcasting
 13088 | Orc:1    | Entered Level 1 of the Orcish Mines
 13088 | Orc:1    | Noticed an orc knight
 13119 | Orc:1    | Reached skill level 3 in Fighting
 13129 | D:9      | Killed an orc knight
 13132 | D:9      | Reached skill level 4 in Fighting
 13192 | Orc:1    | Offered knowledge of Frozen Ramparts by Vehumet.
 13193 | Orc:1    | Reached skill level 5 in Fighting
 13397 | Orc:2    | Entered Level 2 of the Orcish Mines
 13397 | Orc:2    | Found a staircase to the Elven Halls.
 13409 | Orc:2    | Noticed an orc high priest
 13410 | Orc:2    | Noticed an orc knight
 13412 | Orc:2    | Killed an orc high priest
 13413 | Orc:2    | Reached skill level 6 in Fighting
 13414 | Orc:2    | Killed an orc knight
 13443 | Orc:2    | Reached *** piety under Vehumet
 13587 | Orc:2    | Reached XP level 12. HP: 97/97 MP: 16/24
 13667 | Orc:2    | Found Ganut's Antique Weapon Shop.
 13683 | Orc:2    | Reached skill level 7 in Fighting
 13851 | Orc:2    | Found Xouffaosm's Book Emporium.
 13852 | Orc:2    | Noticed an orc high priest
 13853 | Orc:2    | Noticed an orc high priest
 13858 | Orc:2    | Killed an orc high priest
 13858 | Orc:2    | Killed an orc high priest
 13859 | Orc:2    | Reached skill level 4 in Dodging
 13991 | Orc:2    | Bought Ozocubu's Autobiography for 384 gold pieces
 13991 | Orc:2    | You add the spells Ozocubu's Armour and Ozocubu's
                  | Refrigeration to your library.
 13995 | Orc:2    | Learned a level 3 spell: Ozocubu's Armour
 14003 | Orc:2    | Learned a level 7 spell: Ozocubu's Refrigeration
 14024 | Orc:2    | Noticed Donald
 14032 | Orc:2    | Killed Donald
 14033 | Orc:2    | Reached skill level 5 in Dodging
 14053 | Orc:2    | Offered knowledge of Airstrike by Vehumet.
 14162 | Orc:2    | Identified a +1 robe of the Archmagi
 14177 | Orc:2    | Reached skill level 13 in Ice Magic
 14481 | Orc:2    | Noticed an orc warlord
 14637 | Orc:2    | Killed an orc warlord
 14815 | Orc:2    | S - a +0 eveningstar {macerare=g}
 14816 | Orc:2    | Found Seeriffa's Antique Armour Emporium.
 14822 | Orc:2    | Found Teuthyel's General Store.
 14829 | Orc:2    | Noticed an orc high priest
 14834 | Orc:2    | Killed an orc high priest
 14854 | Orc:2    | Reached skill level 9 in Spellcasting
 15382 | Orc:1    | Reached **** piety under Vehumet
 15384 | Orc:1    | Reached skill level 14 in Ice Magic
 15386 | Orc:1    | Offered knowledge of Sticky Flame by Vehumet.
 15721 | Orc:2    | Bought a warped long sword for 178 gold pieces
 15721 | Orc:2    | Identified the +6 long sword of the Wary Knives {chaos,
                  | rPois} (You bought it in a shop on level 2 of the Orcish
                  | Mines)
 15852 | Lair:1   | Entered Level 1 of the Lair of Beasts
 16109 | Lair:1   | Found a dark tunnel.
 16118 | Volcano  | Entered a volcano
 16253 | Volcano  | HP: 22/100 [gargoyle/stone arrow (17)]
 16254 | Volcano  | HP: 10/100 [constriction (2)]
 16254 | Volcano  | HP: 3/100 [constriction (3)]
 16255 | Volcano  | Gained mutation: Your magical capacity is low. (-10% MP)
                  | [potion of mutation]
 16255 | Volcano  | Gained mutation: Your spells are a little easier to cast,
                  | but a little less powerful. [potion of mutation]
 16256 | Volcano  | Slain by an anaconda skeleton

Vanquished Creatures
  Gastronok (D:8)
  Donald (Orc:2)
  An orc warlord (Orc:2)
  4 orc high priests (Orc:2)
  An ugly thing (D:10)
  4 orc knights
  4 orc sorcerers (Orc:2)
  A cyclops (Orc:1)
  Joseph (D:7)
  A gargoyle (Volcano)
  A cane toad (Lair:1)
  Maggie (D:8)
  2 komodo dragons
  4 trolls
  A hornet (D:9)
  2 flying skulls (Volcano)
  2 shadows
  3 wyverns
  20 yaks
  3 basilisks (D:10)
  A steam dragon (D:8)
  2 wargs
  An acid dragon (D:10)
  Menkaure (D:7)
  5 water moccasins
  A black bear (D:5)
  35 orc warriors
  A sky beast (D:7)
  3 ogres
  2 centaurs
  A phantom (D:5)
  8 kobold brigands
  5 bullfrogs
  2 scorpions
  A gnoll sergeant (D:8)
  15 killer bees
  5 electric eels
  4 howler monkeys
  2 jellies
  2 hounds
  17 orc priests
  A sleepcap (D:4)
  8 iguanas
  25 orc wizards
  11 gnolls
  9 adders
  2 river rats (D:4)
  2 white imps (D:7)
  4 worms
  2 dart slugs
  69 orcs
  4 bats
  8 endoplasms
  7 giant cockroaches
  14 goblins
  3 hobgoblins
  3 jackals (D:4)
  26 kobolds
  12 quokkas
  16 ball pythons
  9 frilled lizards
  7 rats
414 creatures vanquished.

Vanquished Creatures (others)
  37 fungi
  9 plants
46 creatures vanquished.

Grand Total: 460 creatures vanquished

Table legend:
 A = Non-vault XP
 B = Vault XP
 C = Vault XP percentage of total XP
 D = Non-vault monster count
 E = Vault monster count
 F = Vault count percentage of total count
                 A         B        C        D         E       F
            +---------+---------+-------+---------+---------+-------
      Total |   17216 |   18975 |  52.4 |     275 |     139 |  33.6
            +---------+---------+-------+---------+---------+-------
        D:1 |      45 |       0 |   0.0 |      19 |       0 |   0.0
        D:2 |      40 |       0 |   0.0 |      15 |       0 |   0.0
        D:3 |      68 |       0 |   0.0 |      10 |       0 |   0.0
        D:4 |     354 |      35 |   9.0 |      26 |       6 |  18.8
        D:5 |     684 |       0 |   0.0 |      22 |       0 |   0.0
        D:6 |     625 |       0 |   0.0 |       9 |       0 |   0.0
        D:7 |    1065 |     670 |  38.6 |      31 |       3 |   8.8
        D:8 |    2718 |    2037 |  42.8 |      35 |       2 |   5.4
        D:9 |    3098 |     694 |  18.3 |      30 |      21 |  41.2
       D:10 |    3761 |    1122 |  23.0 |      20 |       9 |  31.0
     Lair:1 |    1359 |       0 |   0.0 |       6 |       0 |   0.0
      Orc:1 |    2097 |       0 |   0.0 |      32 |       0 |   0.0
      Orc:2 |    1302 |   11778 |  90.0 |      20 |      28 |  58.3
      Sewer |       0 |     289 | 100.0 |       0 |      43 | 100.0
     Bailey |       0 |    1540 | 100.0 |       0 |      24 | 100.0
    Volcano |       0 |     810 | 100.0 |       0 |       3 | 100.0
            +---------+---------+-------+---------+---------+-------

Skill      XL: |  1  2  3  4  5  6  7  8  9 10 11 12 |
---------------+-------------------------------------+-----
Poison Magic   | 4 5 6 8 9 |  9.0
Fighting       | 2 6 7 |  7.0
Dodging        | 3 5 |  5.0
Spellcasting   | 4 8 9 |  9.4
Ice Magic      | 7 9 12 14 | 14.6
Conjurations   | 1 5 7 |  7.0
Air Magic      | 1 5 6 7 |  7.0
Stealth        | |  1.7
Transmutations | |  1.0

Action                     |  1- 3 |  4- 6 |  7- 9 | 10-12 || total
---------------------------+-------+-------+-------+-------++-------
  Melee: Dagger            |     4 |    85 |   213 |   183 ||   485
         Tailslap          |       |     8 |    25 |    29 ||    62
         Punch             |       |       |     6 |     5 ||    11
         Long sword        |       |       |       |     9 ||     9
   Cast: Sting             |    88 |    21 |       |       ||   109
         Poisonous Vapours |       |    17 |     1 |       ||    18
         Olgreb's Toxic Ra |       |    13 |    40 |   124 ||   177
         Mephitic Cloud    |       |       |     2 |     2 ||     4
         Freezing Cloud    |       |       |       |    54 ||    54
         Ozocubu's Refrige |       |       |       |    22 ||    22
Ability: Breathe Frost     |       |       |    15 |    28 ||    43
    Use: Scroll            |       |     8 |     4 |     6 ||    18
         Potion            |       |       |       |     7 ||     7
   Stab: Sleeping          |       |     2 |       |       ||     2
 Armour: Skin              |    15 |    29 |    74 |    98 ||   216
  Dodge: Dodged            |    27 |    68 |   137 |   113 ||   345

Illustrated notes

Table legend:
 A = Kills in this place as a percentage of kills in the entire game.
 B = Kills by you in this place as a percentage of kills by you in the entire game.
 C = Kills by friends in this place as a percentage of kills by friends in the entire game.
 D = Other kills in this place as a percentage of other kills in the entire game.
 E = Experience gained in this place as a percentage of experience gained in the entire game.
 F = Experience gained in this place divided by the number of levels of this place that you have seen.
                   A       B       C       D       E      F
               +-------+-------+-------+-------+-------+----------------------
         Total | 100.0 | 100.0 |   N/A |   N/A | 100.0 | 2128.9
       Dungeon |  62.3 |  62.3 |   N/A |   N/A |  47.0 | 1701.6
          Lair |   1.4 |   1.4 |   N/A |   N/A |   3.8 | 1359.0
  Orcish Mines |  19.3 |  19.3 |   N/A |   N/A |  41.9 | 7588.5
         Sewer |  10.4 |  10.4 |   N/A |   N/A |   0.8 | 289.0
        Bailey |   5.8 |   5.8 |   N/A |   N/A |   4.3 | 1540.0
       Volcano |   0.7 |   0.7 |   N/A |   N/A |   2.2 | 810.0
               +-------+-------+-------+-------+-------+----------------------

Table legend: (Time is in decaauts)
 A = Elapsed time spent in this place.
 B = Non-inter-level travel time spent in this place.
 C = Inter-level travel time spent in this place.
 D = Time resting spent in this place.
 E = Time spent auto-exploring this place.
 F = Levels seen in this place.
 G = Mean time per level.
                   A        B        C        D        E       F      G
               +--------+--------+--------+--------+--------+-----+--------+
         Total |  16741 |  15773 |    968 |   3408 |   8767 |  17 |  984.8 |
       Dungeon |  12223 |  11397 |    826 |   1478 |   7634 |  10 | 1222.3 |
        Temple |     41 |     23 |     18 |      0 |      1 |   1 |   41.0 |
          Lair |    278 |    278 |      0 |     71 |     95 |   1 |  278.0 |
  Orcish Mines |   2675 |   2552 |    123 |   1205 |    819 |   2 | 1337.5 |
         Sewer |    714 |    714 |      0 |    299 |    114 |   1 |  714.0 |
        Bailey |    662 |    662 |      0 |    305 |    102 |   1 |  662.0 |
       Volcano |    146 |    146 |      0 |     50 |      0 |   1 |  146.0 |
               +--------+--------+--------+--------+--------+-----+--------+

Top non-repeatable levels by time:
     D:8: 1853 daAuts
   Orc:2: 1831 daAuts
    D:10: 1521 daAuts
     D:7: 1511 daAuts
     D:1: 1353 daAuts
     D:9: 1257 daAuts
     D:3: 1145 daAuts
     D:2: 1079 daAuts
     D:4: 1031 daAuts
   Orc:1: 843 daAuts
     D:6: 762 daAuts
   Sewer: 714 daAuts
     D:5: 706 daAuts
  Bailey: 662 daAuts
  Lair:1: 278 daAuts
